 Dungeon Crawl Stone Soup version 0.28.0-53-g5a82cb258f (webtiles) character file.

Game seed: 12368816642748731428

154131 Kranky the Slayer (level 17, -3/173 HPs)
             Began as a Minotaur Berserker on June 17, 2022.
             Was a High Priest of Trog.
             Slain by a spriggan berserker
             ... wielding a +0 hand axe
              (20 damage)
             ... on level 2 of the Swamp on June 18, 2022.
             The game lasted 01:14:24 (33291 turns).

Kranky the Slayer (Minotaur Berserker)             Turns: 33291, Time: 01:14:28

Health: -3/173     AC: 26    Str: 28    XL:     17   Next: 6%
Magic:  16/16      EV:  9    Int:  4    God:    Trog [*****.]
Gold:   1838       SH: 11    Dex: 12    Spells: 16/16 levels left

rFire   + + .      SeeInvis .   a - +4 demon trident (elec)
rCold   + . .      Faith    .   d - +0 buckler
rNeg    . . .      Spirit   .   T - +2 plate armour of Dyriaxta {rElec}
rPois   +          Reflect  +   (helmet restricted)
rElec   +          Harm     .   W - scarf {rC+ rF+}
rCorr   .          Rampage  .   E - +1 pair of gloves
Will    ++++.                   Z - +0 pair of boots
Stlth   ..........              c - amulet of reflection
HPRegen 1.38/turn               G - ring of poison resistance
MPRegen 0.15/turn               N - ring of Qaux {rF+ Will+ Slay+6}

@: strong-willed, regenerating, studying Invocations, invisible
A: horns 2, retaliatory headbutt
a: Renounce Religion, Berserk, Trog's Hand, Brothers in Arms


You were on level 2 of the Swamp.
You worshipped Trog.
Trog was extremely pleased with you.
You visited 4 branches of the dungeon, and saw 24 of its levels.
You visited the Abyss 1 time.

You collected 2973 gold pieces.
You spent 1135 gold pieces at shops.

Inventory:

Hand Weapons
 a - a +4 demon trident of electrocution (weapon)
Missiles
 R - 4 throwing nets (quivered)
 S - 6 curare-tipped darts
Armour
 d - a +0 buckler (worn)
 E - a +1 pair of gloves (worn)
 T - the +2 plate armour of Dyriaxta (worn) {rElec}
   (You found it on level 9 of the Dungeon)

   rElec:     It insulates you from electricity.
 W - a scarf of resistance (worn)
 Z - a +0 pair of boots (worn)
Jewellery
 c - an amulet of reflection (around neck)
 j - a ring of resist corrosion
 o - a ring of protection from cold
 r - an amulet of guardian spirit
 C - a ring of willpower
 G - a ring of poison resistance (left hand)
 H - a ring of protection from fire
 N - the ring of Qaux (right hand) {rF+ Will+ Slay+6}
   (You took it off an orc warlord on level 1 of the Orcish Mines)

   [ring of protection from fire]

   Slay:      It affects your accuracy & damage with ranged weapons and melee
   (+6).
   rF:        It protects you from fire.
   Will:      It increases your willpower.
Wands
 s - a wand of iceblast (21)
 z - a wand of flame (41)
 F - a wand of acid (20)
 M - a wand of digging (11)
Scrolls
 e - a scroll of enchant armour
 m - 9 scrolls of teleportation
 u - a scroll of fog
 x - 3 scrolls of immolation
 y - 3 scrolls of brand weapon
 D - 3 scrolls of holy word
 I - 4 scrolls of enchant weapon
 K - 2 scrolls of magic mapping
 P - a scroll of silence
 U - a scroll of fear
Potions
 b - 5 potions of haste
 h - 4 potions of ambrosia
 i - 4 potions of cancellation
 l - 2 potions of magic
 q - 4 potions of curing
 v - a potion of lignification
 B - a potion of attraction
 J - a potion of resistance
 L - 3 potions of might
 O - 3 potions of flight
 V - 3 potions of berserk rage


   Skills:
 + Level 21.5 Fighting
 - Level 14.0 Polearms
 + Level 20.8 Armour
 - Level 2.1 Dodging
 - Level 8.0 Shields
 * Level 7.7 Evocations


You had 16 spell levels left.
You didn't know any spells.
Your spell library was empty.

Dungeon Overview and Level Annotations

Branches:
Dungeon (14/15)            Temple (0/1) D:7            Lair (6/6) D:8
  Swamp (2/4) Lair:3       Spider (0/4) Lair:2        Slime (0/5) Lair:6
    Orc (2/2) D:12            Elf (0/3) Orc:2        Vaults (0/5) D:14

Altars:
Ashenzari
Hepliaklqana
Nemelex Xobeh
Trog
Uskayaw
Vehumet
Yredelemnul
The Shining One
Beogh
Jiyva

Shops:
D:13 =   Orc:1 =   Orc:2 :?(?:

Portals:
Trove: D:14 (give 14 scrolls of teleportation)

Annotations:
Swamp:2 Mlioglotl


Innate Abilities, Weirdness & Mutations

You have a pair of horns on your head.
You reflexively headbutt those who attack you in melee.


Message History

You block the spriggan berserker's attack.
The spriggan berserker hits your iron troll with a +0 hand axe!!
The spriggan berserker hits your deep troll with a +0 hand axe!!
The spriggan berserker hits your iron troll with a +0 hand axe.
The fenstrider witch hits you but does no damage.
The fenstrider witch kicks you but does no damage.
Your iron troll bites the fenstrider witch!!
Your iron troll closely misses the fenstrider witch.
Your iron troll claws the fenstrider witch!
The fenstrider witch dies!
Trog accepts your kill.
Trog appreciates your killing of a magic user.
You hear a splash. x2
A fenstrider witch bone magically twists into a wand of mindburst (2).
Your deep troll barely misses the spriggan berserker.
Your deep troll claws the spriggan berserker!
Your deep troll claws the spriggan berserker but does no damage.
The spriggan berserker hits your deep troll with a +0 quarterstaff!!
Your iron troll bites the fenstrider witch.
Your iron troll claws the fenstrider witch!!
The fenstrider witch dies!
Trog accepts your kill.
Trog appreciates your killing of a magic user.
You hear a splash.
The spriggan berserker hits your deep troll with a +0 hand axe!!!
Your deep troll dies!
Your deep troll's corpse disappears in a puff of smoke!
The spriggan berserker hits your iron troll with a +0 hand axe.
The spriggan berserker hits you with a +0 hand axe!
* * * LOW HITPOINT WARNING * * *
The spriggan berserker hits your iron troll with a +0 hand axe!
The spriggan berserker shouts!
You feel better.
Your iron troll barely misses the spriggan berserker.
Your iron troll closely misses the spriggan berserker.
Your iron troll barely misses the spriggan berserker.
The elephant tramples your iron troll.
Your iron troll holds its ground!
The elephant trunk-slaps your iron troll but does no damage.
The spriggan berserker hits you with a +0 hand axe!!
You die...

♣♣♣♣♣ ♣♣...♣♣ .
♣.≈≈..♣ ≈≈. ♣.≈§≈≈♣
..§≈≈≈≈≈.≈♣≈T§♣
≈≈≈≈§≈≈≈(≈ii@♣
≈..≈≈≈≈..≈T.≈≈≈.^.?
♣.≈≈§≈..XYY♣≈≈≈♣≈≈§
♣.≈≈≈≈≈.iY♣≈≈≈≈≈♣
♣.≈≈≈w...♣ ≈≈≈≈≈♣
♣./w.D.≈≈♣ ≈≈≈≈≈..
♣i.≈...♣. ♣≈≈≈≈..≈
♣.<≈≈.≈♣♣ ♣≈≈♣..≈
♣≈§≈≈..≈♣♣


You could see Mlioglotl (strong), 2 death yaks, a five-headed hydra, an elephant
(summoned, berserk), a spriggan rider, 2 spriggan berserkers, a swamp worm and 2
friendly iron trolls.

Vanquished Creatures
  Roxanne (D:14)
  2 orc warlords (Orc:1)
  2 ghouls
  An ironbound preserver (D:14)
  3 eleionomae
  A minotaur (Lair:3)
  2 bunyips (Swamp:1)
  2 rakshasas
  Harold (D:8)
  3 ghost crabs
  3 boulder beetles
  2 catoblepae
  9 hydras
  3 centaur warriors
  2 tengu warriors
  3 alligators
  3 two-headed ogres
  7 death yaks
  An orc high priest (Orc:2)
  A goliath frog (Swamp:1)
  2 swamp dragons (Swamp:1)
  A wizard (D:14)
  3 bog bodies
  2 deep elf pyromancers
  A necromancer (Lair:4)
  3 orc knights
  The ghost of Valamore the Cleaver, a novice HuFi of Makhleb (D:5)
  3 orc sorcerers
  A manticore (D:12)
  2 will-o-the-wisps (Swamp:1)
  3 cyclopes
  9 ugly things
  13 elephants
  4 black mambas
  A torpor snail (Lair:6)
  14 cane toads
  Maggie (D:8)
  An unseen horror (D:11)
  A gargoyle (D:13)
  8 komodo dragons
  2 rime drakes
  3 kobold demonologists
  A tengu conjurer (D:14)
  15 polar bears
  4 hornets (Swamp:1)
  9 trolls
  A wind drake (shapeshifter) (D:14)
  A bloated husk (Swamp:1)
  2 tyrant leeches
  A meliai zombie (D:10)
  11 slime creatures
  4 raiju (Lair:6)
  9 blink frogs (Lair:6)
  7 dream sheep (Lair:5)
  3 centaur simulacra
  5 wraiths
  4 spriggans (Swamp:1)
  43 yaks
  5 wyverns
  A hog (shapeshifter) (D:13)
  3 basilisks
  3 redbacks (Lair:2)
  8 swamp worms
  3 vampire mosquitoes (D:13)
  A steam dragon (D:9)
  11 wargs
  6 two-headed ogre zombies (D:10)
  5 acid dragons
  19 water moccasins
  Duvessa (D:4)
  13 hell hounds (Lair:6)
  3 ice beasts
  34 orc warriors
  12 black bears
  8 ogres
  6 centaurs
  5 boggarts (D:13)
  5 necrophages
  20 wolves
  2 phantoms
  4 kobold brigands
  11 bullfrogs
  A gnoll sergeant (D:10)
  A wyvern zombie (D:8)
  A scorpion (D:4)
  A water moccasin zombie (D:6)
  A wyvern skeleton (D:5)
  Dowan (D:4)
  10 killer bees
  4 wights (D:8)
  2 howler monkeys
  9 centaur zombies
  A bullfrog skeleton (D:6)
  2 hounds
  23 orc priests
  A gnoll shaman (D:7)
  Ijyb (D:4)
  37 orc wizards
  6 iguanas
  4 polar bear simulacra (Lair:4)
  4 yak simulacra (Lair:4)
  A wolf simulacrum (Lair:4)
  A killer bee zombie (D:8)
  A howler monkey zombie (D:6)
  7 gnolls
  3 howler monkey skeletons
  5 adders
  4 white imps
  3 ufetubi
  A worm (D:2)
  2 dart slugs (D:1)
  95 orcs
  5 ball pythons
  6 bats
  9 endoplasms
  3 giant cockroaches
  5 goblins
  6 hobgoblins
  2 jackals (D:1)
  15 kobolds
  A quokka (D:1)
  2 frilled lizards (D:3)
  10 rats
  2 river rat simulacra (Lair:4)
739 creatures vanquished.

Vanquished Creatures (collateral kills)
  2 fenstrider witches (Swamp:2)
  A death knight (D:14)
  4 death yaks (Lair:6)
  A spriggan berserker (Swamp:2)
  A will-o-the-wisp (Swamp:2)
  An ugly thing (D:14)
  A yak (Lair:6)
11 creatures vanquished.

Vanquished Creatures (others)
  A centaur warrior (D:14)
  2 orc wizards
  24 foxfires
  43 fungi
  35 plants
  31 withered plants (Swamp:1)
136 creatures vanquished.

Grand Total: 886 creatures vanquished

Notes
Turn   | Place    | Note
-------+----------+-------------------------------------------
     0 | D:1      | Kranky the Minotaur Berserker began the quest for the Orb.
     0 | D:1      | Reached XP level 1. HP: 19/19 MP: 0/0
   208 | D:1      | Reached skill level 4 in Fighting
   208 | D:1      | Reached XP level 2. HP: 24/27 MP: 1/1
   916 | D:2      | Reached XP level 3. HP: 34/34 MP: 2/2
  1115 | D:2      | Reached ** piety under Trog
  1448 | D:2      | Reached XP level 4. HP: 41/41 MP: 3/3
  1883 | D:3      | Found a hide-covered altar of Uskayaw.
  1948 | D:3      | Reached skill level 5 in Polearms
  2237 | D:3      | Reached skill level 5 in Fighting
  2518 | D:4      | Found a glowing golden altar of the Shining One.
  2535 | D:4      | Noticed Dowan
  2535 | D:4      | Noticed Duvessa
  2541 | D:4      | Killed Dowan
  2542 | D:4      | Reached XP level 5. HP: 36/48 MP: 4/4
  2549 | D:4      | Killed Duvessa
  2550 | D:4      | Reached XP level 6. HP: 50/56 MP: 5/5
  2893 | D:4      | Found a broken altar of Ashenzari.
  2978 | D:4      | Noticed Ijyb
  2983 | D:4      | Killed Ijyb
  3267 | D:4      | Found a sparkling altar of Nemelex Xobeh.
  3497 | D:5      | Entered Level 5 of the Dungeon
  3561 | D:5      | Reached skill level 1 in Shields
  3561 | D:5      | Reached XP level 7. HP: 59/62 MP: 6/6
  3562 | D:5      | Reached *** piety under Trog
  3563 | D:5      | Reached skill level 5 in Armour
  3575 | D:5      | Found a runed translucent gate.
  3575 | D:5      | Found a runed translucent gate.
  3575 | D:5      | Found a runed translucent gate.
  3914 | D:5      | Reached skill level 6 in Fighting
  4344 | D:5      | Noticed Valamore's ghost (novice HuFi)
  4375 | D:5      | Killed Valamore's ghost
  4376 | D:5      | Reached XP level 8. HP: 38/71 MP: 7/7
  4889 | D:6      | Reached skill level 10 in Polearms
  5010 | D:6      | Reached skill level 7 in Fighting
  5532 | D:7      | Noticed a troll
  5555 | D:7      | Reached XP level 9. HP: 42/79 MP: 8/8
  5575 | D:7      | Killed a troll
  5835 | D:7      | Reached skill level 8 in Fighting
  5847 | D:7      | Reached **** piety under Trog
  6006 | D:7      | Found a radiant altar of Vehumet.
  6010 | D:7      | Found a hazy altar of Hepliaklqana.
  6178 | D:7      | Found a staircase to the Ecumenical Temple.
  6468 | D:8      | Noticed a two-headed ogre
  6704 | D:8      | Killed a two-headed ogre
  6705 | D:8      | Reached skill level 9 in Fighting
  6705 | D:8      | Reached XP level 10. HP: 55/91 MP: 9/9
  7208 | D:8      | Noticed Harold
  7218 | D:8      | Killed Harold
  7345 | D:8      | Noticed Maggie
  7353 | D:8      | Killed Maggie
  7564 | D:8      | Reached skill level 10 in Armour
  7809 | D:8      | Found a staircase to the Lair.
  8078 | D:8      | Reached skill level 10 in Fighting
  8294 | D:9      | Found a basalt altar of Yredelemnul.
  8434 | D:9      | Identified the +2 plate armour of Dyriaxta {rElec}
  8708 | D:9      | Reached XP level 11. HP: 100/100 MP: 10/10
  8841 | D:10     | Entered Level 10 of the Dungeon
  9208 | D:10     | Identified the +6 quarterstaff of Nir Vea {antimagic,
                  | Contam rElec rN+ Dex+4}
  9297 | D:10     | Reached skill level 5 in Shields
  9333 | D:10     | Found a bloodstained altar of Trog.
  9858 | D:10     | Reached ***** piety under Trog
  9864 | D:10     | Reached skill level 11 in Fighting
 10578 | D:11     | Noticed a two-headed ogre
 10578 | D:11     | Noticed a five-headed hydra
 10603 | D:11     | Killed a two-headed ogre
 10736 | D:11     | Killed a five-headed hydra
 10770 | D:11     | Noticed a two-headed ogre
 10779 | D:11     | Killed a two-headed ogre
 10889 | D:11     | Reached skill level 12 in Fighting
 11327 | D:11     | Noticed a brown ugly thing
 11337 | D:11     | Killed a brown ugly thing
 11441 | D:11     | Noticed a rakshasa
 11461 | D:11     | Killed a rakshasa
 11462 | D:11     | Reached XP level 12. HP: 79/112 MP: 11/11
 11580 | D:11     | Noticed a tengu warrior
 11597 | D:11     | Killed a tengu warrior
 11928 | Lair:1   | Entered Level 1 of the Lair of Beasts
 13113 | Lair:2   | Found a hole to the Spider Nest.
 13258 | Lair:2   | Reached skill level 13 in Fighting
 13587 | Lair:2   | Reached skill level 15 in Armour
 13878 | Lair:3   | Noticed an eight-headed hydra
 13894 | Lair:3   | Killed an eight-headed hydra
 14021 | Lair:3   | Noticed a seven-headed hydra
 14048 | Lair:3   | Killed a seven-headed hydra
 14547 | Lair:3   | Reached skill level 14 in Fighting
 14960 | Lair:3   | Found a staircase to the Swamp.
 15116 | Lair:3   | Found a runed translucent door.
 15540 | Lair:3   | Noticed a minotaur
 15556 | Lair:3   | Killed a minotaur
 16012 | Lair:4   | Reached XP level 13. HP: 124/124 MP: 12/12
 16781 | Lair:4   | Received a gift from Trog
 18280 | Lair:5   | Reached skill level 15 in Fighting
 18991 | Lair:5   | Reached skill level 16 in Fighting
 19804 | Lair:6   | Entered Level 6 of the Lair of Beasts
 20324 | Lair:6   | Reached skill level 17 in Fighting
 20359 | Lair:6   | Received a gift from Trog
 20366 | Lair:6   | Reached XP level 14. HP: 129/140 MP: 13/13
 20693 | Lair:6   | Identified the +9 falchion "Ikhlusaso" {vorpal, rC+}
 20971 | Lair:6   | Found a viscous altar of Jiyva.
 20971 | Lair:6   | Found a staircase to the Slime Pits.
 21026 | Lair:6   | Reached skill level 18 in Fighting
 22114 | D:12     | Received a gift from Trog
 22349 | D:12     | Reached skill level 1 in Evocations
 22354 | D:12     | Found a staircase to the Orcish Mines.
 22604 | D:12     | Reached skill level 19 in Fighting
 23368 | D:13     | Received a gift from Trog
 23555 | D:13     | Found Xeonanit's One-of-a-Kind Rings.
 24417 | D:14     | Reached XP level 15. HP: 155/155 MP: 14/14
 24453 | D:14     | Found a gate to the Vaults.
 24986 | D:14     | Reached skill level 20 in Fighting
 24997 | D:14     | Cast into level 2 of the Abyss (a wizard)
 24997 | Abyss:2  | Found a corrupted altar of Lugonu.
 25028 | D:14     | Escaped the Abyss
 25154 | D:14     | Identified Roxanne's Catalogue of Changing
 25154 | D:14     | Noticed Roxanne
 25477 | D:14     | Killed Roxanne
 26067 | D:14     | Found a portal to a secret trove of treasure.
 26195 | Orc:1    | Entered Level 1 of the Orcish Mines
 26630 | Orc:1    | Found a bloodstained altar of Trog.
 26674 | Orc:2    | Entered Level 2 of the Orcish Mines
 26704 | Orc:2    | Found a staircase to the Elven Halls.
 26826 | Orc:1    | Found Biosef's Jewellery Shop.
 26838 | Orc:1    | Bought a ring of willpower for 450 gold pieces
 27082 | Orc:1    | Received a gift from Trog
 27397 | Orc:2    | Noticed an orc warlord
 27964 | Orc:1    | Killed an orc warlord
 28029 | Orc:2    | Identified the ring of Qaux {rF+ Will+ Slay+6}
 28029 | Orc:2    | Noticed an orc warlord
 28086 | Orc:1    | Killed an orc warlord
 28506 | Orc:2    | Identified the +6 long sword of Ezxogog {vorpal, *Rage
                  | rF+++ Str+8 Int-4}
 28650 | Orc:2    | Found Dubakhuuz's Book Shoppe.
 30510 | Orc:2    | Found Jiaps's Magic Scroll Shop.
 30510 | Orc:2    | Found Sewa's Book Shop.
 30515 | Orc:2    | Found Madah's Magic Scroll Boutique.
 30515 | Orc:2    | Found Zekefax's Antique Weapon Boutique.
 30533 | Orc:2    | Bought a scroll of teleportation for 42 gold pieces
 30540 | Orc:2    | Bought a scroll of fog for 22 gold pieces
 30540 | Orc:2    | Bought a scroll of acquirement for 572 gold pieces
 30702 | Orc:2    | Bought a scroll of fear for 49 gold pieces
 30958 | Swamp:1  | Entered Level 1 of the Swamp
 31045 | Swamp:1  | Reached skill level 5 in Evocations
 31381 | Swamp:1  | Reached skill level 21 in Fighting
 32805 | Swamp:1  | Reached ****** piety under Trog
 32918 | Swamp:1  | Acquired a +4 demon trident of electrocution
 33065 | Swamp:1  | Reached XP level 16. HP: 165/166 MP: 15/15
 33269 | Swamp:2  | Reached XP level 17. HP: 143/173 MP: 16/16
 33276 | Swamp:2  | Noticed Mlioglotl
 33288 | Swamp:2  | HP: 6/173 [spriggan berserker/+0 broad axe (10)]
 33291 | Swamp:2  | Slain by a spriggan berserker

Illustrated notes

Levels and vault maps discovered:
D:1:      dpeg_arrival_simpleton_b, layout_rooms, st_stairs_7,
          chequers_serial_rivers_small_a, minmay_misc_feat_four_crosses,
          minmay_pentomino_p2
D:2:      layout_basic, wad_orctagon
D:3:      layout_basic, mainiacjoe_overflow_alcove_2,
          minmay_fractal_squares_diagonal_5
D:4:      layout_loops_corners, mainiacjoe_overflow_brackets,
          mainiacjoe_overflow_tiny_flanked, mainiacjoe_overflow_alcove_1,
          uniq_duvessa, uniq_ijyb
D:5:      layout_loops_ring, ebering_ghost_rock_garden, st_stairs_7
D:6:      layout_gridville, chequers_serial_rivers_room_b
D:7:      layout_rooms, grunt_temple_overflow_open,
          minmay_temple_entry_large_hall
D:8:      layout_cave_pools, erik_lair_dragon, uniq_maggie, uniq_harold
D:9:      layout_roguey, old_standard_altar, grunt_ministairs_7
D:10:     lemuel_ogre_cave, layout_cave_pools, trog_ov_bears_minmay, serial_ice,
          serial_ice_n, serial_ice_h, serial_ice_g, serial_ice_a
D:11:     wad_cavern_with_rooms, layout_irregular_city
D:12:     layout_roguey [special_room_orc], david_orc_2
D:13:     layout_rooms, nicolae_shop_unique_rings
D:14:     layout_basic, skrybe_vaults_entry_preservation,
          nicolae_trove_entry_crystal, grunt_decor_resistance, minivault_27,
          uniq_roxanne
Lair:1:   layout_cave_pods
Lair:2:   layout_small_grid, spider_nest_entry_webs, beast_lair_carwin_11,
          grunt_megastairs_2
Lair:3:   dreamdust_labyrinth, layout_regular_city, palyth_hydra_swamp_entry,
          grunt_megastairs_4, lemuel_fruit_fields, infiniplex_staircase_pool_2
Lair:4:   layout_concentric_octagons, eino_house_with_fridge
Lair:5:   layout_cave_pods, beast_lair_carwin_5
Lair:6:   hangedman_lair_caniforms_friends, layout_cave_pods,
          hangedman_lair_in_review, slime_altar_1, nicolae_lair_lil_pond
Swamp:1:  layout_basic_swamp, evilmike_swamp_ruin_house_2, swamp_pool1,
          st_shrine_of_shade
Swamp:2:  layout_basic_swamp, evilmike_swamp_ruin_house_4, swamp_pool1,
          nicolae_swamp_little_swirl, infiniplex_staircase_pool, uniq_mlioglotl
Orc:1:    layout_caves, serial_shops, nicolae_shop_hallway_plus,
          david_defended_altar_orc
Orc:2:    st_orc_mages, layout_diamond_mine, serial_shops, shop,
          minmay_orc_treasury

Skill      XL: |  1  2  3  4  5  6  7  8  9 10 11 12 13 14 15 |
---------------+----------------------------------------------+-----
Fighting       | 4 5 6 7 9 10 12 14 17 19 21 | 21.5
Polearms       | 4 5 6 7 9 10 12 14 | 14.0
Armour         | 3 4 6 7 9 10 13 16 18 19 20 | 20.8
Shields        | 1 2 4 6 8 |  8.0
Evocations     | 3 7 |  7.7
Dodging        | |  2.1

Action                   |  1- 3 |  4- 6 |  7- 9 | 10-12 | 13-15 | 16-18 || total
-------------------------+-------+-------+-------+-------+-------+-------++-------
Melee: Spear             |    71 |       |       |       |       |       ||    71
       Headbutt          |    13 |    10 |    37 |   149 |   440 |     4 ||   653
       Trident           |    26 |    84 |   245 |   748 |  1854 |       ||  2957
       Demon trident     |       |       |       |       |     5 |    14 ||    19
Invok: Berserk           |       |     1 |       |     1 |     1 |       ||     3
       Trog's Hand       |       |       |     2 |     3 |    11 |     1 ||    17
       Brothers in Arms  |       |       |       |       |     4 |     4 ||     8
Evoke: Wand              |       |       |       |       |     5 |     2 ||     7
  Use: Scroll            |       |       |       |       |    31 |     1 ||    32
       Potion            |       |       |       |       |     5 |     4 ||     9
 Stab: Sleeping          |     1 |       |       |       |       |       ||     1
       Distracted        |       |       |       |       |     2 |       ||     2
Armor: Animal skin       |     8 |       |       |       |       |       ||     8
       Chain mail        |     6 |    21 |    22 |       |       |       ||    49
       Plate armour      |       |       |    82 |   327 |   736 |    14 ||  1159
Dodge: Dodged            |    27 |    15 |    49 |   170 |   372 |     7 ||   640
Block: Buckler           |     5 |     4 |    34 |   115 |   555 |    18 ||   731
       Reflection        |       |       |       |       |    26 |       ||    26
